 Dungeon Crawl Stone Soup version 0.28.0-43-g3370ac3207 (webtiles) character file.

Game seed: 5194427795297943757

99 Faeu the Shield-Bearer (level 4, -3/41 HPs)
             Began as a Minotaur Fighter on Mar 21, 2022.
             Was an Initiate of Trog.
             Slain by a gnoll
             ... wielding a +0 spear
              (5 damage)
             ... on level 4 of the Dungeon.
             The game lasted 00:06:35 (1582 turns).

Faeu the Shield-Bearer (Minotaur Fighter)           Turns: 1582, Time: 00:06:36

Health: -3/41      AC: 10    Str: 25    XL:     4   Next: 45%
Magic:  3/3        EV:  9    Int: 10    God:    Trog [......]
Gold:   99         SH:  4    Dex:  9    Spells: 3/3 levels left

rFire   . . .      SeeInvis .   a - +0 long sword {long}
rCold   + . .      Faith    .   c - +0 buckler
rNeg    . . .      Spirit   .   b - +0 scale mail
rPois   .          Reflect  .   (helmet restricted)
rElec   .          Harm     .   (no cloak)
rCorr   .          Rampage  .   j - +2 pair of gloves "Sooviob" {rC+ Str+2 Int+5 Slay-3}
Will    .....                   (no boots)
Stlth   ..........              (no amulet)
HPRegen 0.13/turn               (no ring)
MPRegen 0.08/turn               (no ring)

@: mighty
A: horns 2, retaliatory headbutt
a: Renounce Religion


You were on level 4 of the Dungeon.
You worshipped Trog.
Trog was noncommittal.
You visited 2 branches of the dungeon, and saw 4 of its levels.

You collected 99 gold pieces.


Innate Abilities, Weirdness & Mutations

You have a pair of horns on your head.
You reflexively headbutt those who attack you in melee.


   Skills:
 + Level 4.4 Fighting
 + Level 3.6 Long Blades
 + Level 4.4 Armour
 + Level 4.4 Shields


You had 3 spell levels left.
You didn't know any spells.
Your spell library was empty.

Inventory:

Hand Weapons
 a - a +0 long sword (weapon) {long}
 g - a +1 vampiric short sword {short}
   (You found it on level 1 of the Dungeon)
Missiles
 o - 20 stones (quivered) {throwing}
Armour
 b - a +0 scale mail (worn)
 c - a +0 buckler (worn)
 j - the +2 pair of gloves "Sooviob" (worn) {rC+ Str+2 Int+5 Slay-3}
   (You found it on level 2 of the Dungeon)

   Str:       It affects your strength (+2).
   Int:       It affects your intelligence (+5).
   Slay:      It affects your accuracy & damage with ranged weapons and melee
   (-3).
   rC:        It protects you from cold.
Scrolls
 e - 2 scrolls of fear {unknown}
 f - 3 scrolls of identify {unknown}
 h - a scroll of immolation {unknown}
 k - a scroll of amnesia {unknown}
 l - a scroll of summoning {unknown}
 p - a scroll of teleportation {unknown}
Potions
 i - 2 potions of curing {unknown}
 m - a potion of resistance {unknown}
 n - a potion of mutation {unknown}

Dungeon Overview and Level Annotations

Branches:
Dungeon (4/15)             Temple (1/1) D:4

Altars:
Ashenzari
Trog
Uskayaw

...<. #g# #.# ###. #.# #.#
#.#######.# ###.###.#.....#.#
........#.....#.#
###.............#
#.#.####.g...### #.
##.....g)..# #.# #.######@..#
#.# #...# #.# #.# #...#
#.####.######..##
#.##...........#
#.##.#.######..# #.##.#.# #..#
###.##.#.# #..#
##...#....######..############


You could see 2 gnolls.


Message History

You kill the orc!
Trog accepts your kill. The orc hits you with a +0 short sword.
* * * LOW HITPOINT WARNING * * *
😨 HP[-1]
You take 1 damage, and now have 16/41 hp.
You closely miss the orc. You headbutt the orc. You block the orc's attack.
You barely miss the orc. The orc barely misses you.
You slash the orc!
You kill the orc!
Trog accepts your kill.
Items here: ))) [ †††.
Okay, then.
Things that are here:
a +0 dagger {short}; an orc corpse Unknown command. 😨 HP[+1]
There is an open door here.
Things that are here:
a +0 club {mace}; an orc corpse 😨 HP[+1]
There is an open door here. 😨 HP[+1]
You now have 99 gold pieces (gained 13).
p - a scroll labelled NUMOCRUMOL 😎 HP[+22]
You see here a +0 flail {mace}.
An endoplasm comes into view.
The endoplasm quivers.
The endoplasm freezes you.
You are frozen.
You resist. 😕 HP[-2]
You take 2 damage, and now have 39/41 hp.
You hit the endoplasm. Your headbutt misses the endoplasm.
The endoplasm hits you but does no damage.
You barely miss the endoplasm. You block the endoplasm's attack.
You hit the endoplasm.
You kill the endoplasm!
Trog accepts your kill.
No target in view!
You start resting.
HP restored. 😎 HP[+2]
Found a hide-covered altar of Uskayaw.
A gnoll comes into view. It is wielding a +0 spear.
The gnoll shouts!
You hear a shout!
A gnoll comes into view. It is wielding a +0 great sword.
The gnoll hits you from afar with a +0 spear. 😕 HP[-3]
You take 3 damage, and now have 38/41 hp.
You hit the gnoll.
You headbutt the gnoll, but do no damage.
The gnoll hits you with a +0 great sword.
The gnoll hits you but does no damage. 😕 HP[-5]
You take 5 damage, and now have 33/41 hp.
You hit the gnoll but do no damage. Your headbutt misses the gnoll.
The gnoll barely misses you.
The gnoll hits you but does no damage. x2
You barely miss the gnoll. You headbutt the gnoll.
The gnoll closely misses you. The gnoll hits you with a +0 spear.
The gnoll hits you with a +0 great sword!
The gnoll barely misses you. You furiously retaliate!
You headbutt the gnoll. 😮 HP[-11]
You take 11 damage, and now have 22/41 hp.
MASSIVE DAMAGE!! (PAUSE)
The gnoll hits you with a +0 great sword!
* * * LOW HITPOINT WARNING * * *
You block the gnoll's attack. 😱 HP[-12]
You take 12 damage, and now have 10/41 hp.
MASSIVE DAMAGE!! (PAUSE)
A gnoll comes into view. It is wielding a +0 spear. 😨 HP[+1]
Okay, then. 😨 HP[+1]
You feel very mighty all of a sudden.
You slash the gnoll!
You kill the gnoll!
Trog accepts your kill.
The gnoll completely misses you. 😨 HP[+1]
The gnoll hits you from afar with a +0 spear.
* * * LOW HITPOINT WARNING * * *
😱 HP[-3]
You take 3 damage, and now have 10/41 hp.
The gnoll hits you from afar with a +0 spear.
* * * LOW HITPOINT WARNING * * *
The gnoll hits you with a +0 spear.
* * * LOW HITPOINT WARNING * * *
😱 HP[-4]
You take 4 damage, and now have 6/41 hp.
You barely miss the gnoll. The gnoll closely misses you.
The gnoll hits you with a +0 spear.
* * * LOW HITPOINT WARNING * * *
The gnoll completely misses you. 😱 HP[-4]
You take 4 damage, and now have 2/41 hp.
You barely miss the gnoll. The gnoll hits you with a +0 spear.
You die...

Skill      XL: |  1  2 |
---------------+-------+-----
Fighting       | 4 |  4.4
Armour         | 4 |  4.4
Shields        | 4 |  4.4
Long Blades    | 3 |  3.6

Action                   |  1- 3 |  4- 6 || total
-------------------------+-------+-------++-------
Melee: Long sword        |    73 |    29 ||   102
       Headbutt          |     7 |     4 ||    11
Throw: Stone             |     1 |       ||     1
  Use: Potion            |       |     1 ||     1
Armor: Scale mail        |    47 |    20 ||    67
Dodge: Dodged            |    37 |    19 ||    56
Block: Buckler           |    12 |    11 ||    23

Levels and vault maps discovered:
D:1:      grunt_arrival_lava_bath, layout_loops_ring, minmay_crystal_room,
          lemuel_old_faithful
D:2:      layout_loops_cross, minmay_pentomino_w4
D:4:      layout_loops_ring, mainiacjoe_overflow_tiny_flanked,
          minmay_temple_entry_sparse_star, minivault_25
Temple:   regret_index_temple_waves

Notes
Turn   | Place    | Note
-------+----------+-------------------------------------------
     0 | D:1      | Faeu the Minotaur Fighter began the quest for the Orb.
     0 | D:1      | Reached XP level 1. HP: 19/19 MP: 0/0
     0 | D:1      | magus.rc [v1.9.6]
   273 | D:1      | Reached XP level 2. HP: 27/27 MP: 1/1
   791 | D:2      | Identified the +2 pair of gloves "Sooviob" {rC+ Str+2 Int+5
                  | Slay-3}
   876 | D:2      | You fall into a shaft and drop 2 floors!
   876 | D:4      | Found a staircase to the Ecumenical Temple.
   884 | Temple   | Entered the Ecumenical Temple
   891 | Temple   | Became a worshipper of Trog the Wrathful
   903 | D:4      | Reached skill level 4 in Fighting
   903 | D:4      | Reached skill level 4 in Armour
   903 | D:4      | Reached skill level 4 in Shields
   907 | D:4      | Reached skill level 3 in Long Blades
  1162 | D:4      | Reached XP level 3. HP: 27/33 MP: 2/2
  1280 | D:4      | Reached XP level 4. HP: 28/41 MP: 3/3
  1543 | D:4      | Found a hide-covered altar of Uskayaw.
  1559 | D:4      | HP: 10/41 [gnoll/+0 great sword (12)]
  1578 | D:4      | HP: 10/41 [gnoll/+0 spear (3)]
  1581 | D:4      | HP: 2/41 [gnoll/+0 spear (4)]
  1582 | D:4      | Slain by a gnoll

Vanquished Creatures
  A centaur skeleton (D:4)
  An orc wizard (D:4)
  A gnoll (D:4)
  2 dart slugs (D:1)
  4 orcs (D:4)
  2 endoplasms
  3 giant cockroaches
  A goblin (D:2)
  5 hobgoblins
  A quokka (D:4)
  3 ball pythons
  2 bats (D:1)
  A frilled lizard (D:1)
  3 rats (D:1)
30 creatures vanquished.

Table legend:
 A = Non-vault XP
 B = Vault XP
 C = Vault XP percentage of total XP
 D = Non-vault monster count
 E = Vault monster count
 F = Vault count percentage of total count
                 A         B        C        D         E       F
            +---------+---------+-------+---------+---------+-------
      Total |     142 |       0 |   0.0 |      30 |       0 |   0.0
            +---------+---------+-------+---------+---------+-------
        D:1 |      28 |       0 |   0.0 |      16 |       0 |   0.0
        D:2 |       2 |       0 |   0.0 |       1 |       0 |   0.0
        D:4 |     112 |       0 |   0.0 |      13 |       0 |   0.0
            +---------+---------+-------+---------+---------+-------

Illustrated notes

Table legend:
 A = Kills in this place as a percentage of kills in entire the game.
 B = Kills by you in this place as a percentage of kills by you in the entire game.
 C = Kills by friends in this place as a percentage of kills by friends in the entire game.
 D = Other kills in this place as a percentage of other kills in the entire game.
 E = Experience gained in this place as a percentage of experience gained in the entire game.
 F = Experience gained in this place divided by the number of levels of this place that you have seen.
                   A       B       C       D       E      F
               +-------+-------+-------+-------+-------+----------------------
         Total | 100.0 | 100.0 |   N/A |   N/A | 100.0 |  35.5
       Dungeon | 100.0 | 100.0 |   N/A |   N/A | 100.0 |  47.3
               +-------+-------+-------+-------+-------+----------------------

Table legend: (Time is in decaauts)
 A = Elapsed time spent in this place.
 B = Non-inter-level travel time spent in this place.
 C = Inter-level travel time spent in this place.
 D = Time resting spent in this place.
 E = Time spent auto-exploring this place.
 F = Levels seen in this place.
 G = Mean time per level.
                   A        B        C        D        E       F      G
               +--------+--------+--------+--------+--------+-----+--------+
         Total |   1612 |   1512 |    100 |     10 |   1134 |   4 |  403.0 |
       Dungeon |   1598 |   1498 |    100 |     10 |   1134 |   3 |  532.7 |
        Temple |     14 |     14 |      0 |      0 |      0 |   1 |   14.0 |
               +--------+--------+--------+--------+--------+-----+--------+

Top non-repeatable levels by time:
     D:1: 784 daAuts
     D:4: 711 daAuts
     D:2: 102 daAuts
  Temple: 14 daAuts
